 Dungeon Crawl Stone Soup version 0.17-a0-1572-g7a1422d (webtiles) character file.

75 OnBrokenWings the Stinger (level 4, -5/24 HPs)
             Began as a Deep Elf Venom Mage on July 25, 2015.
             Killed from afar by Sigmund (7 damage)
             ... with a wand of frost
             ... on level 2 of the Dungeon.
             The game lasted 00:08:34 (2246 turns).

OnBrokenWings the Stinger (Deep Elf Venom Mage)     Turns: 2246, Time: 00:08:34

Health: -5/24      AC:  3    Str:  5    XL:     4   Next: 11%
Magic:  7/11       EV: 12    Int: 21    God:
Gold:   29         SH:  0    Dex: 15    Spells: 2 memorised, 7 levels left

rFire  . . .     SeeInvis .     i - +0 short sword (curse)
rCold  . . .     Clarity  .     g - +0 leather armour (curse)
rNeg   . . .     SustAt   .     (no shield)
rPois  .         Gourm    .     (no helmet)
rElec  .         Spirit   .     (no cloak)
rCorr  .         Warding  .     (no gloves)
rMut   .         Stasis   .     (no boots)
MR     .....                    (no amulet)
Stlth  ++........               (no ring)
                                (no ring)

@: not resistant to hostile enchantments, unstealthy
A: no striking features
a: no special abilities


You were on level 2 of the Dungeon.
You were not hungry.

You visited 1 branch of the dungeon, and saw 2 of its levels.

You collected 29 gold pieces.

Inventory:

Hand weapons
 i - a cursed +0 short sword (weapon)
Armour
 a - a +0 robe
 e - a +0 pair of gloves
 g - a cursed +0 leather armour (worn)
Scrolls
 f - a scroll of enchant weapon {unknown}
 j - 2 scrolls of identify {unknown}
 k - a scroll of immolation {unknown}
Potions
 d - a potion of lignification {unknown}
 m - a potion of heal wounds {unknown}
Books
 b - a Young Poisoner's Handbook

   Spells                             Type                      Level
   a - Sting                          Conjuration/Poison           1
   b - Cure Poison                    Poison                       2
   c - Mephitic Cloud                 Conjuration/Poison/Air       3
   d - Olgreb's Toxic Radiance        Poison                       4
   e - Venom Bolt                     Conjuration/Poison           5
Comestibles
 c - a bread ration
 h - 2 beef jerkies
 l - a meat ration


   Skills:
 + Level 0.4 Fighting
 + Level 1.1 Short Blades
 + Level 2.7 Dodging
 + Level 3.1 Stealth
 * Level 3.5 Spellcasting
 + Level 1.3 Conjurations
 * Level 5.0 Poison Magic


You had 7 spell levels left.
You knew the following spells:

 Your Spells              Type           Power        Failure   Level  Hunger
a - Sting                 Conj/Pois      ###.         8%          1    None
b - Cure Poison           Pois           ###.......   6%          2    ##.....


Dungeon Overview and Level Annotations

Branches:
Dungeon (2/15)

Altars:
Gozag
Zin
The Shining One

Shops:
D:2 *

Annotations:
D:2 Sigmund


Message History

Casting: Sting
Confirm with . or Enter, or press ? or * to list all spells.
Aiming: Sting
Press: ? - help, Shift-Dir - straight line, f/p - Sigmund
Aim: Sigmund, wielding a scythe, wearing a robe and carrying a wand of frost {zapped: 2} (moderately wounded, poisoned)
The sting hits Sigmund.
Sigmund looks even sicker.
Sigmund is moderately wounded.
Sigmund zaps a wand.
The puff of frost hits you!
* * * LOW HITPOINT WARNING * * *
Sigmund zaps a wand.
The puff of frost misses you.
Casting: Sting
Confirm with . or Enter, or press ? or * to list all spells.
Aiming: Sting
Press: ? - help, Shift-Dir - straight line, f/p - Sigmund
Aim: Sigmund, wielding a scythe, wearing a robe and carrying a wand of frost {zapped: 4} (moderately wounded, poisoned)
The sting hits Sigmund.
Sigmund is heavily wounded.
Sigmund says, "Your kind have come here before.
I understand now why.
You desire death..."
Sigmund zaps a wand.
The puff of frost hits you!
You die...

>........##....
.$.............
####.........##....
#..................
#...@.......#......
#.........# #....##
#.........# #....##
#.).......# #......
#.@.......# ##.....
#####.........# #.....
...............#
#.....
########.#######
#..... #.# #...#
#####..... #.# ##.#.#
#......... #.#
##..#..# #.........
#.#
##..###..###.........
#.#
##..##.##..##.........


You could see Sigmund.

Vanquished Creatures
  4 adders (D:2)
  2 giant geckos (D:1)
  A ball python (D:2)
  2 bats (D:2)
  2 giant cockroaches
  8 goblins
  3 hobgoblins (D:1)
  8 jackals
  3 kobolds (D:1)
  A quokka (D:2)
  A rat (D:2)
35 creatures vanquished.

Notes
Turn   | Place    | Note
--------------------------------------------------------------
     0 | D:1      | OnBrokenWings the Deep Elf Venom Mage began the quest for the Orb.
     0 | D:1      | Reached XP level 1. HP: 10/10 MP: 6/6
   390 | D:1      | Reached XP level 2. HP: 10/15 MP: 1/8
   861 | D:1      | Learned a level 2 spell: Cure Poison
  1014 | D:2      | Reached skill level 1 in Conjurations
  1014 | D:2      | Reached XP level 3. HP: 13/19 MP: 5/9
  1113 | D:2      | Found an opulent altar of Gozag.
  1410 | D:2      | Found a faded altar to an unknown god.
  1752 | D:2      | Found Zin's Purification Station.
  1854 | D:2      | Found a glowing silver altar of Zin.
  1856 | D:2      | Reached skill level 5 in Poison Magic
  2062 | D:2      | Reached skill level 1 in Short Blades
  2062 | D:2      | Reached XP level 4. HP: 21/24 MP: 5/11
  2123 | D:2      | Noticed Sigmund
  2175 | D:2      | Found a glowing golden altar of the Shining One.
  2246 | D:2      | Killed from afar by Sigmund

Vault maps used:
D:1:      ncdulo_smallfort
D:2:      overflow_temple_1_default, zin_purify, tso_metal_star,
          ecumenical_altar_1, uniq_sigmund

Action                   |  1- 3 |  4- 6 || total
-------------------------+-------+-------++-------
Melee: Unarmed           |     3 |       ||     3
       Short sword       |    59 |       ||    59
 Cast: Sting             |    51 |     6 ||    57
       Cure Poison       |     2 |       ||     2
 Stab: Sleeping          |     1 |       ||     1
  Eat: Chunk             |     3 |     1 ||     4
